 Dungeon Crawl Stone Soup version 0.28.0-1-gb440e238dd (webtiles) character file.

Game seed: 5905320731615037320

66 spaghetti the Sneak (level 3, -6/29 HPs)
             Began as a Demonspawn Delver on Feb 20, 2022.
             Mangled by an ice beast (8 damage)
             ... on level 4 of the Dungeon.
             The game lasted 00:00:59 (1035 turns).

spaghetti the Sneak (Demonspawn Delver)             Turns: 1035, Time: 00:00:59

Health: -6/29      AC:  3    Str: 14    XL:     3   Next: 96%
Magic:  3/3        EV: 11    Int: 11    God:
Gold:   11         SH:  0    Dex: 14    Spells: 2/2 levels left

rFire   . . .      SeeInvis .   a - +0 hand axe
rCold   . . .      Faith    .   (no shield)
rNeg    . . .      Spirit   .   b - +0 leather armour
rPois   .          Reflect  .   (no helmet)
rElec   .          Harm     .   (no cloak)
rCorr   .          Rampage  .   (no gloves)
Will    .....                   (no boots)
Stlth   ++........              (no amulet)
HPRegen 0.09/turn               (no ring)
MPRegen 0.08/turn               (no ring)

@: hasted, very quick
A: claws 1, foul stench 1
a: no special abilities


You were on level 4 of the Dungeon.
You visited 1 branch of the dungeon, and saw 3 of its levels.

You collected 11 gold pieces.

Inventory:

Hand Weapons
 a - a +0 hand axe (weapon)
Armour
 b - a +0 leather armour (worn)
Wands
 g - a wand of digging (3)
Scrolls
 c - a scroll of fog
 d - a scroll of magic mapping
 e - a scroll of fear
 h - a scroll of enchant armour {unknown}
 i - a scroll of immolation
Potions
 f - 2 potions of haste
 j - a potion of attraction


   Skills:
 - Level 3.0 Fighting
 - Level 3.1 Axes
 - Level 1.7 Dodging
 - Level 4.5 Stealth
 + Level 2.0 Unarmed Combat


You had 2 spell levels left.
You didn't know any spells.
Your spell library was empty.

Dungeon Overview and Level Annotations

Branches:
Dungeon (5/15)
 Temple: D:4-7

Altars:


Innate Abilities, Weirdness & Mutations

You have sharp fingernails.
You may rarely emit foul miasma when damaged in melee.


Message History

No target in view!
No target in view!
(D) Dungeon
Where to? (? - help)
There is a stone staircase leading down here.
You climb downwards.
There is a stone staircase leading up here.
An ice beast is nearby!
An ice beast is nearby!
An ice beast is nearby!
The helpless ice beast fails to defend itself.
You hit the ice beast.
The ice beast is lightly wounded.
The ice beast closely misses you.
You closely miss the ice beast.
The ice beast is lightly wounded.
The ice beast hits you. The ice beast freezes you!
You hit the ice beast.
The ice beast is lightly wounded.
The ice beast hits you. The ice beast freezes you!
* * * LOW HITPOINT WARNING * * *
You are too injured to fight recklessly!
You are too injured to fight recklessly!
You are too injured to fight recklessly!
You are too injured to fight recklessly!
You are too injured to fight recklessly!
You are too injured to fight recklessly!
You are too injured to fight recklessly!
You are too injured to fight recklessly!
You are too injured to fight recklessly!
You are too injured to fight recklessly!
You are too injured to fight recklessly!
You are too injured to fight recklessly!
You are too injured to fight recklessly!
You are too injured to fight recklessly!
You are too injured to fight recklessly!
You feel yourself speed up. The ice beast hits you.
* * * LOW HITPOINT WARNING * * *
The ice beast freezes you!
You die...

### #@#
........Y......
.######.#######
#.# ... ###


You could see an ice beast.

Vanquished Creatures
  A centaur skeleton (D:5)
  3 adders
  An orc (D:3)
  2 endoplasms (D:3)
  2 giant cockroaches
  A goblin (D:4)
  2 jackals (D:3)
  A bat (D:3)
  A frilled lizard (D:3)
14 creatures vanquished.

Notes
Turn   | Place    | Note
-------+----------+-------------------------------------------
     0 | D:5      | spaghetti the Demonspawn Delver began the quest for the
                  | Orb.
     0 | D:5      | Reached XP level 1. HP: 18/18 MP: 1/1
   101 | D:5      | Gained mutation: You have sharp fingernails. [demonic
                  | ancestry]
   101 | D:5      | Reached XP level 2. HP: 12/24 MP: 2/2
   340 | D:5      | Gained mutation: You may rarely emit foul miasma when
                  | damaged in melee. [demonic ancestry]
   340 | D:5      | Reached XP level 3. HP: 28/29 MP: 3/3
   349 | D:4      | Reached skill level 1 in Unarmed Combat
  1031 | D:4      | Noticed an ice beast
  1035 | D:4      | Mangled by an ice beast

Illustrated notes

Levels and vault maps discovered:
D:3:      layout_loops_ring, shapermc_ecumenical_altar_venn
D:4:      layout_basic, serial_shops, shop, hex_medium, uniq_natasha
D:5:      layout_basic, nicolae_figureground_sparkle

Skill      XL: |  1  2  3 |
---------------+----------+-----
Axes           | 3 |  3.1
Unarmed Combat | 2 |  2.0
Fighting       | |  3.0
Dodging        | |  1.7
Stealth        | |  4.5

Action                   || total
-------------------------++-------
Melee: Hand axe          ||    76
       Punch             ||     1
  Use: Scroll            ||     3
       Potion            ||     2
 Stab: Sleeping          ||     5
Armor: Leather armour    ||    20
Dodge: Dodged            ||    58
